 Dungeon Crawl Stone Soup version 0.28-b1-25-g9875b3fc8c (webtiles) character file.

Game seed: 12840824197110062045

10574 inmateoo the Geomancer (level 11, -1/72 HPs)
             Began as an Octopode Earth Elementalist on Feb 6, 2022.
             Was a Follower of Vehumet.
             Slain by a basilisk (6 damage)
             ... while petrified by a basilisk
             ... on level 11 of the Dungeon.
             The game lasted 00:14:45 (13410 turns).

inmateoo the Geomancer (OpEE)                      Turns: 13410, Time: 00:14:46

Health: -1/72      AC:  1    Str:  8    XL:     11   Next: 64%
Magic:  9/23       EV:  2    Int: 21    God:    Vehumet [*.....]
Gold:   633        SH:  0    Dex: 19    Spells: 16/26 levels left

rFire   . . .      SeeInvis +   f - +2 dagger (venom)
rCold   . . .      Faith    .   (no shield)
rNeg    + + +      Spirit   .   (helmet restricted)
rPois   ∞          Reflect  .   (no amulet)
rElec   .          Harm     .   j - +6 ring of dexterity
rCorr   .          Rampage  .   o - ring of see invisible
Will    .....                   (no ring)
Stlth   +++++.....              (no ring)
HPRegen 0.22/turn               (no ring)
MPRegen 0.18/turn               (no ring)
                                (no ring)
                                (no ring)

@: petrified
A: almost no armour, amphibious, 8 rings, camouflage 1, gelatinous body 1,
(nimble swimmer 1), tentacles
a: Renounce Religion


You were on level 11 of the Dungeon.
You worshipped Vehumet.
Vehumet was aware of your devotion.
You visited 2 branches of the dungeon, and saw 12 of its levels.

You collected 633 gold pieces.

Inventory:

Hand Weapons
 f - a +2 dagger of venom (weapon)
Missiles
 b - 204 stones
 r - 2 throwing nets
Jewellery
 d - a ring of ice
 j - a +6 ring of dexterity (left tentacle)
 o - a ring of see invisible (right tentacle)
 x - a ring of fire
Wands
 e - a wand of acid (4)
 n - a wand of flame (38)
 q - a wand of iceblast (13)
 s - a wand of paralysis (6)
Scrolls
 m - 2 scrolls of magic mapping
 p - a scroll of brand weapon
 t - 2 scrolls of teleportation
 y - a scroll of enchant weapon {unknown}
 z - a scroll of summoning {unknown}
Potions
 a - 6 potions of curing
 c - 2 potions of mutation
 g - 2 potions of magic
 h - 2 potions of resistance
 i - 2 potions of lignification
 k - a potion of haste
 l - a potion of heal wounds
 u - a potion of ambrosia
 v - 2 potions of berserk rage {unknown}
Miscellaneous
 w - a condenser vane


   Skills:
 + Level 5.2 Fighting
 + Level 1.0 Short Blades
 + Level 5.2 Dodging
 + Level 8.3 Stealth
 + Level 1.5 Unarmed Combat
 + Level 8.1 Spellcasting
 + Level 1.2 Conjurations
 - Level 7.0 Transmutations
 + Level 10.1 Earth Magic
 + Level 5.2 Evocations


You had 16 spell levels left.
You knew the following spells:

 Your Spells              Type           Power      Damage    Failure   Level
a - Sandblast             Erth           100%       2d20      1%          1
b - Passwall              Tmut/Erth      36%        N/A       1%          2
c - Stone Arrow           Conj/Erth      64%        3d11      2%          3
d - Petrify               Tmut/Erth      44%        N/A       2%          4

Your spell library contained the following spells:

 Spells                   Type           Power      Damage    Failure   Level
 Shock                    Conj/Air       44%        1d5       6%          1
 Wereblood                Tmut           37%        N/A       1%          2
 Magic Dart               Conj           52%        1d5       4%          1
 Searing Ray              Conj           26%        2d5       7%          2
 Animate Skeleton         Necr           16%        N/A       8%          1
 Apportation              Tloc           16%        N/A       8%          1
 Freeze                   Ice            32%        1d5       8%          1
 Pain                     Necr           32%        1d5       8%          1
 Sublimation of Blood     Necr           8%         N/A       12%         2
 Gell's Gravitas          Tloc           8%         N/A       24%         3
 Lesser Beckoning         Tloc           8%         N/A       24%         3
 Teleport Other           Tloc           8%         N/A       24%         3
 Tukima's Dance           Hex            8%         N/A       24%         3
 Vampiric Draining        Necr           8%         2d6       24%         3
 Alistair's Intoxication  Tmut/Pois      15%        N/A       45%         5
 Yara's Violent Unravell  Hex/Tmut       11%        3d6       45%         5
 Fulminant Prism          Conj/Hex       5%         3d7       52%         4
 Passage of Golubria      Tloc           8%         N/A       61%         4
 Summon Hydra             Summ           4%         N/A       100%        7


Dungeon Overview and Level Annotations

Branches:
Dungeon (11/15)            Temple (1/1) D:6             Orc (0/2) D:11
   Lair: D:8-11

Altars:
Ashenzari
Cheibriados
Dithmenos
Elyvilon
Fedhas
Gozag
Hepliaklqana
Kikubaaqudgha
Makhleb
Nemelex Xobeh
Okawaru
Qazlal
Ru
Sif Muna
Trog
Uskayaw
Vehumet
Wu Jian
Xom
Yredelemnul
Zin
The Shining One

Shops:
D:3 (   D:11 (

Annotations:
D:10 exclusion: door, Snorg


Innate Abilities, Weirdness & Mutations

You cannot wear most types of armour.
You are amphibious.
You can wear up to eight rings at the same time.
Your skin changes colour to match your surroundings (Stealth+).
Your rubbery body absorbs attacks. (AC +1, EV +1)
((You are camouflaged when in or above water. (Stealth+)))
You have tentacles for arms and can constrict up to eight enemies at once.


Message History

Press: ? - help, Shift-Dir - straight line, f/p - basilisk
Aim: a basilisk (heavily wounded, 67% to hit)
The stone arrow hits the basilisk!
The basilisk is severely wounded.
The basilisk gazes at you.
You are slowing down.
The basilisk bites you!
Casting: Stone Arrow (mildly dangerous; 2% risk of failure)
Confirm with . or Enter, or press ? or * to list all spells.
Aiming: Stone Arrow (mildly dangerous; 2% risk of failure)
Press: ? - help, Shift-Dir - straight line, f/p - basilisk
Aim: a basilisk (severely wounded, 67% to hit)
The stone arrow misses the basilisk.
The basilisk gazes at you. You resist with some effort.
The basilisk bites you! x2
Your limbs are stiffening.
Casting: Stone Arrow (mildly dangerous; 2% risk of failure)
Confirm with . or Enter, or press ? or * to list all spells.
Aiming: Stone Arrow (mildly dangerous; 2% risk of failure)
Press: ? - help, Shift-Dir - straight line, f/p - basilisk
Aim: a basilisk (severely wounded, 67% to hit)
The stone arrow misses the basilisk.
The basilisk gazes at you.
Your limbs have turned to stone.
The basilisk bites you. The basilisk bites you!
You have turned to stone.
The basilisk gazes at you. You resist with some effort. The basilisk bites you.
The basilisk gazes at you. You resist with some effort.
The basilisk completely misses you. The basilisk gazes at you.
You resist with some effort. The basilisk bites you! The basilisk bites you!!
The basilisk bites you! The basilisk gazes at you. You resist with some effort.
The basilisk bites you. The basilisk bites you!!
* * * LOW HITPOINT WARNING * * *
The basilisk bites you!!
* * * LOW HITPOINT WARNING * * *
The basilisk bites you!
You die...

##### ##### #
####.#.##.#..### [#
.........###.#.#####.####
...###..........@#..l...#
##.# ###........ll#....
#### #.#.###.....†......
######.##.....#....
..##.#...#....# ###
##.##...## ## #.##
#####################
'...#....#..#.....+


You could see 2 basilisks.

Vanquished Creatures
  Fannar (D:10)
  A boulder beetle (D:11)
  3 two-headed ogres
  An ugly thing (D:10)
  Maggie (D:10)
  A gargoyle (D:11)
  A komodo dragon (D:11)
  Grinder (D:3)
  Sigmund (D:3)
  A wraith (D:9)
  A basilisk (D:11)
  3 yaks (D:10)
  Menkaure (D:5)
  Edmund (D:4)
  2 acid dragons
  4 water moccasins
  A swamp drake (D:11)
  2 sky beasts
  2 black bears
  3 ogres
  An orc warrior (D:10)
  A phantom (D:4)
  3 kobold brigands
  3 bullfrogs (D:8)
  3 scorpions
  A wyvern zombie (D:6)
  2 water moccasin skeletons
  5 wights (D:8)
  5 killer bees (D:8)
  A howler monkey (D:11)
  A bullfrog zombie (D:6)
  A jelly (D:6)
  2 hounds
  8 centaur zombies
  An orc priest (D:4)
  A bullfrog skeleton (D:6)
  2 centaur skeletons
  Terence (D:3)
  5 orc wizards
  A scorpion zombie (D:5)
  A killer bee zombie (D:5)
  A hound zombie (D:5)
  A hound skeleton (D:5)
  A howler monkey zombie (D:9)
  2 howler monkey skeletons
  9 gnolls
  4 adders
  A white imp (D:5)
  An ufetubus (D:4)
  An adder skeleton (D:4)
  2 worms (D:2)
  A dart slug (D:2)
  14 orcs
  6 bats
  5 endoplasms
  5 giant cockroaches
  8 goblins
  7 hobgoblins
  22 kobolds
  A quokka (D:2)
  7 ball pythons
  3 frilled lizards
  7 rats
190 creatures vanquished.

Notes
Turn   | Place    | Note
-------+----------+-------------------------------------------
     0 | D:1      | inmateoo the Octopode Earth Elementalist began the quest
                  | for the Orb.
     0 | D:1      | Reached XP level 1. HP: 11/11 MP: 3/3
   475 | D:1      | Reached XP level 2. HP: 17/17 MP: 3/5
   617 | D:1      | Found a faded altar of an unknown god.
   685 | D:1      | Got Plato's Volume of the Snowflakes
   713 | D:1      | Learned a level 2 spell: Passwall
  1028 | D:2      | Reached XP level 3. HP: 22/22 MP: 2/6
  1124 | D:2      | Reached skill level 1 in Fighting
  1663 | D:2      | Reached XP level 4. HP: 20/28 MP: 5/7
  1951 | D:3      | Found Upsut's Weapon Shoppe.
  1985 | D:3      | Noticed Terence
  1996 | D:3      | Killed Terence
  2395 | D:3      | Noticed Grinder
  2421 | D:3      | Noticed Sigmund
  2828 | D:2      | Learned a level 3 spell: Stone Arrow
  2913 | D:3      | Paralysed by Grinder for 3 turns
  2919 | D:3      | Killed Grinder
  2920 | D:3      | Reached skill level 4 in Earth Magic
  2920 | D:3      | Reached XP level 5. HP: 9/35 MP: 4/9
  2920 | D:3      | Reached XP level 6. HP: 11/41 MP: 4/10
  3193 | D:3      | Killed Sigmund
  3194 | D:3      | Reached XP level 7. HP: 32/46 MP: 3/12
  3657 | D:4      | Noticed Edmund
  3681 | D:4      | Killed Edmund
  3682 | D:4      | Reached skill level 5 in Earth Magic
  4274 | D:4      | Reached skill level 6 in Earth Magic
  4274 | D:4      | Reached XP level 8. HP: 52/52 MP: 11/14
  4735 | D:5      | Entered Level 5 of the Dungeon
  5068 | D:5      | Noticed Menkaure
  5073 | D:5      | Killed Menkaure
  5316 | D:5      | Learned a level 4 spell: Petrify
  5516 | D:5      | Reached XP level 9. HP: 58/58 MP: 16/16
  5659 | D:6      | Noticed a two-headed ogre
  5666 | D:6      | Killed a two-headed ogre
  5667 | D:6      | Reached skill level 5 in Stealth
  5667 | D:6      | Reached skill level 5 in Spellcasting
  5667 | D:6      | Reached skill level 5 in Transmutations
  5667 | D:6      | Reached skill level 7 in Earth Magic
  6711 | D:6      | Found a staircase to the Ecumenical Temple.
  6938 | Temple   | Entered the Ecumenical Temple
  6993 | Temple   | Became a worshipper of Vehumet
  7138 | D:7      | Reached skill level 5 in Dodging
  7233 | D:7      | Reached skill level 5 in Fighting
  7460 | D:7      | You fall into a shaft and drop 1 floor!
  7731 | D:8      | Reached XP level 10. HP: 24/66 MP: 1/18
  8450 | D:8      | Found an ornate altar of the Wu Jian Council.
  8843 | D:7      | Reached * piety under Vehumet
  8843 | D:7      | Offered knowledge of Shock by Vehumet.
  9196 | D:7      | Reached skill level 8 in Earth Magic
 10286 | D:10     | Entered Level 10 of the Dungeon
 10301 | D:10     | Reached skill level 1 in Evocations
 10835 | D:10     | Noticed Snorg
 11540 | D:10     | Noticed Maggie
 11602 | D:10     | Noticed a purple ugly thing
 11665 | D:10     | Killed a purple ugly thing
 11763 | D:10     | Reached skill level 9 in Earth Magic
 11842 | D:10     | Killed Maggie
 11843 | D:10     | Reached XP level 11. HP: 71/71 MP: 18/21
 11865 | D:10     | Noticed Fannar
 11874 | D:10     | Killed Fannar
 12471 | D:11     | Found Cyihale's Antique Weapon Shop.
 12471 | D:11     | Noticed a two-headed ogre
 12475 | D:11     | Killed a two-headed ogre
 12476 | D:11     | Reached skill level 5 in Evocations
 12560 | D:11     | Noticed a boulder beetle
 12567 | D:11     | Noticed a two-headed ogre
 12574 | D:11     | Killed a boulder beetle
 12619 | D:11     | Killed a two-headed ogre
 12620 | D:11     | Reached skill level 10 in Earth Magic
 12942 | D:11     | Reached skill level 1 in Unarmed Combat
 12949 | D:11     | Found a staircase to the Orcish Mines.
 12969 | D:11     | Reached skill level 1 in Conjurations
 13397 | D:11     | Reached skill level 1 in Short Blades
 13410 | D:11     | Slain by a basilisk

Illustrated notes

Levels and vault maps discovered:
D:1:      elethiomel_arrival_maze, layout_basic,
          shapermc_ecumenical_altar_rom_forum
D:2:      layout_basic
D:3:      layout_basic, serial_shops, shop_fountains, uniq_sigmund,
          uniq_terence, uniq_grinder
D:4:      layout_basic, uniq_edmund
D:5:      layout_basic, uniq_menkaure
D:6:      layout_loops_corners, minmay_temple_entry_enclosed_plants,
          kennysheep_minor_cross, chequers_serial_rivers_small_3
D:7:      layout_basic
D:8:      layout_basic, nzn_wu_jian_contemplation
D:9:      layout_loops_ring
D:10:     layout_stronghold, hangedman_incinerator, uniq_maggie, uniq_fannar,
          uniq_snorg
D:11:     layout_irregular_city, erik_lair_dragon, orc_0_dummy, serial_shops,
          nicolae_stop_n_shop_2
Temple:   kilobyte_greek_temple

Skill      XL: |  1  2  3  4  5  6  7  8  9 10 11 |
---------------+----------------------------------+-----
Stealth        | 3 4 7 8 |  8.3
Fighting       | 1 2 3 4 5 |  5.2
Transmutations | 3 4 6 7 |  7.0
Dodging        | 3 4 5 |  5.2
Spellcasting   | 3 4 5 7 8 |  8.1
Earth Magic    | 4 6 7 9 10 | 10.1
Evocations     | 4 5 |  5.2
Unarmed Combat | 1 |  1.5
Conjurations   | 1 |  1.2
Short Blades   | 1 |  1.0

Action                   |  1- 3 |  4- 6 |  7- 9 | 10-12 || total
-------------------------+-------+-------+-------+-------++-------
Melee: Unarmed           |    39 |       |       |       ||    39
       Constrict         |    15 |     4 |    29 |    15 ||    63
       Tentacles         |     9 |     4 |    44 |    35 ||    92
       Dagger            |    21 |    20 |   131 |   104 ||   276
       Punch             |     1 |     1 |     1 |     2 ||     5
 Cast: Sandblast         |    26 |    22 |    57 |     8 ||   113
       Stone Arrow       |       |       |    37 |    63 ||   100
       Petrify           |       |       |       |    16 ||    16
Evoke: Wand              |       |       |     2 |     7 ||     9
  Use: Scroll            |       |     4 |     4 |     7 ||    15
       Potion            |       |     1 |       |       ||     1
 Stab: Sleeping          |     8 |     2 |    10 |     7 ||    27
       Distracted        |       |     1 |       |       ||     1
       Petrified         |       |       |       |    41 ||    41
       Petrifying        |       |       |       |     2 ||     2
       Paralysed         |       |       |       |     1 ||     1
Armor: Skin              |    12 |     1 |     7 |     7 ||    27
Dodge: Dodged            |    38 |    19 |   131 |    65 ||   253
